 Dungeon Crawl Stone Soup version 0.30.1 (webtiles) character file.

Game seed: 7986999278403748701

95 Arctor the Insei (level 4, -1/29 HPs)
             Began as an Octopode Transmuter on July 12, 2023.
             Slain by a quokka (4 damage)
             ... on level 4 of the Dungeon.
             The game lasted 00:01:25 (1989 turns).

Arctor the Insei (Octopode Transmuter)              Turns: 1989, Time: 00:01:27

Health: -1/29      AC:  1    Str:  9    XL:     4   Next: 66%
Magic:  7/7        EV: 13    Int: 17    God:
Gold:   109        SH:  0    Dex: 12    Spells: 3/8 levels left

rFire   . .          .
                       - Unarmed
rCold   . . .        (no shield)
rNeg    . . .        (helmet currently unavailable)
rPois   .            (no amulet)
rElec   .            (no ring)
rCorr   .            (no ring)
SInv    .            (no ring)
Will    .....        (no ring)
Stlth   ++           (no ring)
HPRegen 0.24/turn    (no ring)
MPRegen 0.10/turn    (no ring)
                     (no ring)

%: no passive effects
@: appendages
A: tentacle spike 3, almost no armour, amphibious, 8 rings, camouflage 1,
gelatinous body 1, (nimble swimmer 1), tentacles
a: End Transformation


You were on level 4 of the Dungeon.
One of your tentacles had grown a beastly spike.
You visited 1 branch of the dungeon, and saw 4 of its levels.

You collected 109 gold pieces.

Inventory:

Jewellery
 d - an amulet of regeneration
 f - a +6 ring of strength
Scrolls
 b - a scroll of noise {unknown}
 c - a scroll of magic mapping {unknown}
 i - 2 scrolls of teleportation {unknown}
 k - 3 scrolls of identify {unknown}
Potions
 a - a potion of lignification
 e - a potion of heal wounds {unknown}
 g - a potion of cancellation {unknown}
 h - 2 potions of curing {unknown}
 j - a potion of ambrosia {unknown}
 l - a potion of haste {unknown}


   Skills:
 + Level 2.0 Fighting
 + Level 2.7 Dodging
 + Level 3.5 Unarmed Combat
 + Level 2.5 Spellcasting
 * Level 2.7 Transmutations
 + Level 0.3 Ice Magic


You had 3 spell levels left.
You knew the following spells:

 Your Spells              Type           Power      Damage    Failure   Level
a - Beastly Appendage     Tmut           22%        N/A       6%          1
b - Ice Form              Ice/Tmut       7%         N/A       67%         4

Your spell library contained the following spells:

 Spells                   Type           Power      Damage    Failure   Level
 Wereblood                Tmut           11%        N/A       9%          2
 Spider Form              Tmut/Pois      6%         N/A       30%         3


Dungeon Overview and Level Annotations

Branches:
Dungeon (4/15)
 Temple: D:4-7

Altars:
Kikubaaqudgha

Annotations:
D:3 Sigmund


Innate Abilities, Weirdness & Mutations

One of your tentacles has grown a beastly spike.
You cannot wear most types of armour.
You are amphibious.
You can wear up to eight rings at the same time.
Your skin changes colour to match your surroundings (Stealth+).
Your rubbery body absorbs attacks. (AC +1, EV +1)
((You are camouflaged when in or above water. (Stealth+)))
You have tentacles for arms and can constrict up to eight enemies at once.


Message History

The orc barely misses you.
You closely miss the orc.
The orc priest shouts!
Your grab misses the orc.
You pierce the orc.
The orc is heavily wounded.
You tentacle-slap the orc. Your grab misses the orc. You squeeze the orc.
You kill the orc!
Found a pair of boots and a long sword.
The orc barely misses you.
Things that are here:
a +0 flail; an orc corpse You tentacle-slap the orc.
Your grab misses the orc.
The orc is severely wounded.
The orc misses you.
You tentacle-slap the orc.
You kill the orc!
The orc priest mumbles some strange prayers to Beogh against you.
Beogh smites you! The quokka barely misses you.
You barely miss the orc priest. Your grab misses the orc priest.
Your tentacle spike misses the orc priest.
You tentacle-slap the orc priest, but do no damage.
The orc priest invokes the aid of Beogh against you.
You barely resist. The quokka closely misses you.
Unknown command.
You tentacle-slap the orc priest but do no damage.
You grab the orc priest.
You constrict the orc priest, but do no damage.
The orc priest struggles to escape constriction.
The orc priest looks satisfied for a moment.
The quokka twitches its whiskers.
The quokka bites you.
You tentacle-slap the orc priest but do no damage.
You constrict the orc priest, but do no damage.
The orc priest hits you with a +0 mace. The quokka bites you.
You tentacle-slap the orc priest.
You pierce the orc priest, but do no damage.
The orc priest is lightly wounded.
You constrict the orc priest. The orc priest hits you with a +0 mace!
* * * LOW HITPOINT WARNING * * *
The quokka bites you.
You die...

..# ..# [.. #.#
#.# #o# ###o#####
#.#@....##
#..r.....#
#..........
#######..........
#...............#
#................
#...<...........)
#...............#
##.............#


You could see 2 orc priests and a quokka.

Vanquished Creatures
  4 adders (D:2)
  3 dart slugs
  3 orcs
  10 ball pythons
  An endoplasm (D:2)
  A giant cockroach (D:1)
  4 goblins
  7 hobgoblins
  2 jackals (D:1)
  A quokka (D:3)
  4 bats
  2 frilled lizards
  3 kobolds (D:1)
  3 rats
48 creatures vanquished.

Notes
Turn   | Place    | Note
-------+----------+-------------------------------------------
     0 | D:1      | Arctor the Octopode Transmuter began the quest for the Orb.
     0 | D:1      | Reached XP level 1. HP: 13/13 MP: 3/3
    94 | D:1      | Reached XP level 2. HP: 14/18 MP: 3/5
   433 | D:1      | Reached XP level 3. HP: 23/23 MP: 4/6
  1093 | D:2      | Found a faded altar of an unknown god.
  1175 | D:2      | Found an ancient bone altar of Kikubaaqudgha.
  1366 | D:2      | Reached XP level 4. HP: 25/29 MP: 5/7
  1419 | D:2      | Learned a level 4 spell: Ice Form
  1941 | D:3      | Noticed Sigmund
  1989 | D:4      | Slain by a quokka

Illustrated notes

Levels and vault maps discovered:
D:1:      dpeg_arrival_chambers_temple_mockup, layout_basic
D:2:      layout_loops_cross, shapermc_ecumenical_altar_notcrosses, basic_altar,
          minmay_stone_trees_large
D:3:      layout_basic, lightli_temple_of_fire, serial_park_tiny_pond,
          st_stairs_11, grunt_decor_clamped, uniq_sigmund
D:4:      layout_rooms, nicolae_overflow_hidden_temple,
          chequers_temple_overflow_statue_of_worship, uniq_edmund,
          uniq_crazy_yiuf_cottage, uniq_ijyb

Skill      XL: |  1  2  3  4 |
---------------+-------------+-----
Fighting       | 2 |  2.0
Dodging        | |  2.7
Unarmed Combat | |  3.5
Spellcasting   | |  2.5
Transmutations | |  2.7
Ice Magic      | |  0.3

Action                     |  1- 3 |  4- 6 || total
---------------------------+-------+-------++-------
  Melee: Unarmed           |    76 |    33 ||   109
         Constrict         |    19 |     8 ||    27
         Tentacles         |    11 |     6 ||    17
         Kick              |    23 |     8 ||    31
         Punch             |     3 |     2 ||     5
   Cast: Beastly Appendage |    28 |    10 ||    38
   Stab: Sleeping          |     3 |     1 ||     4
 Armour: Skin              |    10 |     2 ||    12
  Dodge: Dodged            |    55 |    17 ||    72
